 Dungeon Crawl Stone Soup version 0.30.0-11-gf55b779eaf (webtiles) character file.

Game seed: 7662475654282984023

1666 jasper the Firebug (level 8, -2/37 HPs)
             Began as a Spriggan Fire Elementalist on May 16, 2023.
             Was an Initiate of Ashenzari.
             Slain by a killer bee (9 damage)
             ... on level 6 of the Dungeon.
             The game lasted 00:11:13 (7468 turns).

jasper the Firebug (Spriggan Fire Elementalist)     Turns: 7468, Time: 00:11:14

Health: -2/37      AC:  2    Str:  4    XL:     8   Next: 69%
Magic:  2/14       EV: 18    Int: 18    God:    Ashenzari [......]
Gold:   186        SH:  0    Dex: 16    Spells: 6/13 levels left

rFire   + . .        i - +0 short sword (heavy)
rCold   + . .        (no shield)
rNeg    . . .        a - +0 robe
rPois   .            (helmet restricted)
rElec   .            h - scarf {rC+ rF+}
rCorr   +            (gloves unavailable)
SInv    +            (boots unavailable)
Will    +....        (no amulet)
Stlth   ++           l - ring of resist corrosion
HPRegen 0.26/turn    (no ring)
MPRegen 0.14/turn

%: no passive effects
@: lethally poisoned (-2 -> -10), very quick
A: very small, no large weapons, unfitting armour, see invisible, speed 3
a: Renounce Religion, Curse Item


You were on level 6 of the Dungeon.
You worshipped Ashenzari.
Ashenzari was noncommittal.
You visited 1 branch of the dungeon, and saw 7 of its levels.

You collected 362 gold pieces.
You spent 176 gold pieces at shops.

Inventory:

Hand Weapons
 i - a +0 heavy short sword (weapon)
Armour
 a - a +0 robe (worn)
 h - a scarf of resistance (worn)
Jewellery
 l - a ring of resist corrosion (left hand)
 t - a +6 ring of intelligence
Wands
 m - a wand of paralysis (19)
 r - a wand of flame (3)
Scrolls
 j - 3 scrolls of magic mapping
 o - a scroll of teleportation
 q - a scroll of fear
Potions
 b - 2 potions of magic
 c - a potion of attraction
 d - a potion of cancellation
 e - a potion of heal wounds {unknown}
 f - 2 potions of haste
 g - 2 potions of curing
 k - a potion of berserk rage {unknown}
 n - 2 potions of degeneration {unknown}
 p - 3 potions of lignification {unknown}
 s - a potion of resistance


   Skills:
 + Level 1.1 Fighting
 + Level 3.5 Dodging
 - Level 3.0 Stealth
 + Level 3.4 Spellcasting
 - Level 5.1 Conjurations
 * Level 7.3 Fire Magic


You had 6 spell levels left.
You knew the following spells:

 Your Spells              Type           Power      Damage    Failure   Level
a - Foxfire               Conj/Fire      100%       2x1d9     1%          1
b - Scorch                Fire           58%        2d7       1%          2
c - Flame Wave            Conj/Fire      25%        2d8       12%         4

Your spell library contained the following spells:

 Spells                   Type           Power      Damage    Failure   Level
 Inner Flame              Hex/Fire       16%        N/A       11%         3
 Volatile Blastmotes      Fire/Tloc      32%        2d12      11%         3
 Necrotise                Necr           12%        1d4       16%         1
 Vampiric Draining        Necr           3%         2d6       43%         3
 Vhi's Electric Charge    Tloc/Air       6%         N/A       43%         3
 Arcjolt                  Conj/Air       6%         1d16      83%         5
 Agony                    Necr           3%         N/A       99%         5
 Plasma Beam              Fire/Air       8%         2x1d20    99%         6


Dungeon Overview and Level Annotations

Branches:
Dungeon (7/15)
 Temple: D:4-7

Altars:
Ashenzari
Cheibriados
Gozag
Makhleb
Xom
Zin

Shops:
D:4 :   D:5 ?   D:7 ![[*

Annotations:
D:2 Robin


Innate Abilities, Weirdness & Mutations

You are very small and have problems with some larger weapons.
You are too small for most types of armour.
You have supernaturally acute eyesight. (SInv)
You cover ground extremely quickly. (Speed+++)


Message History

The killer bee barely misses you.
Aiming: Throw Flame
Press: ? - help, Shift-Dir - straight line, f - killer bee
Aim: a killer bee (39% to hit)
The puff of flame hits the killer bee.
The killer bee is lightly wounded.
The killer bee stings you. The killer bee closely misses you.
You take 5 damage, and have 18/37 hp.
Aiming: Throw Flame
Press: ? - help, Shift-Dir - straight line, f/p - killer bee
Aim: a killer bee (lightly wounded, 39% to hit)
The puff of flame hits the killer bee.
The killer bee is moderately wounded.
The killer bee stings you!
* * * LOW HITPOINT WARNING * * *
You are poisoned.
The killer bee poisons you! The killer bee closely misses you.
You take 7 damage, and have 11/37 hp.
Aiming: Throw Flame
Press: ? - help, Shift-Dir - straight line, f/p - killer bee
Aim: a killer bee (moderately wounded, 39% to hit)
The puff of flame hits the killer bee.
The killer bee is heavily wounded.
* * * LOW HITPOINT WARNING * * *
You feel very sick. The killer bee stings you.
* * * LOW HITPOINT WARNING * * *
You are more poisoned.
The killer bee poisons you! The killer bee completely misses you.
You take 6 damage, and have 5/37 hp.
You feel better. The killer bee stings you. The killer bee barely misses you.
You regained 8 hp, and now have 13/37 hp.
The killer bee attacks as you move away!
The killer bee stings you.
* * * LOW HITPOINT WARNING * * *
You are lethally poisoned!
The killer bee poisons you!
* * * LOW HITPOINT WARNING * * *
You feel sick. The killer bee stings you!
You die...

######### .......>#
#######.# #.# ##.#
################..#
#.........#.†..y@.#
#...........#####.#
#..........## #.#
#..........# #..
######.†.### #.##
##.### #.# #####..#
#.. .#.#.#.#. .#
#.#.#.#.#


You could see a killer bee.

Vanquished Creatures
  Edmund (D:4)
  2 water moccasins (D:7)
  An orc warrior (D:7)
  A black bear (D:7)
  2 centaurs
  A phantom (D:4)
  3 scorpions
  5 killer bees (D:6)
  2 howler monkeys (D:7)
  A hound (D:6)
  A jelly (D:6)
  A sleepcap (D:7)
  4 iguanas
  A gnoll bouda (D:4)
  An orc wizard (D:4)
  8 gnolls
  3 adders
  A worm (D:2)
  5 dart slugs
  9 orcs
  3 endoplasms
  4 giant cockroaches
  5 goblins
  4 hobgoblins
  3 jackals (D:4)
  6 quokkas
  A ball python (D:4)
  8 bats
  4 frilled lizards
  3 kobolds
  8 rats
102 creatures vanquished.

Vanquished Creatures (others)
  185 foxfires
185 creatures vanquished.

Grand Total: 287 creatures vanquished

Notes
Turn   | Place    | Note
-------+----------+-------------------------------------------
     0 | D:1      | jasper the Spriggan Fire Elementalist began the quest for
                  | the Orb.
     0 | D:1      | Reached XP level 1. HP: 9/9 MP: 5/5
   436 | D:1      | Reached skill level 3 in Fire Magic
   436 | D:1      | Reached XP level 2. HP: 13/13 MP: 0/6
  1345 | D:1      | Learned a level 2 spell: Scorch
  1405 | D:2      | Reached XP level 3. HP: 9/16 MP: 1/8
  1894 | D:2      | Noticed Robin
  1902 | D:2      | Reached skill level 4 in Fire Magic
  1934 | D:3      | Found a faded altar of an unknown god.
  2114 | D:3      | Found an opulent altar of Gozag.
  2254 | D:3      | Reached XP level 4. HP: 21/21 MP: 6/9
  2259 | D:3      | Learned a level 4 spell: Flame Wave
  3133 | D:4      | Reached skill level 1 in Conjurations
  3313 | D:4      | Reached XP level 5. HP: 24/24 MP: 0/10
  3751 | D:4      | Noticed a phantom
  3764 | D:4      | Killed a phantom
  3929 | D:4      | Noticed Edmund
  3952 | D:4      | Reached XP level 6. HP: 28/28 MP: 5/11
  4020 | D:4      | Reached skill level 5 in Fire Magic
  4599 | D:4      | Found Ponimuc's Book Shop.
  4795 | D:4      | Killed Edmund
  4987 | D:5      | Entered Level 5 of the Dungeon
  5014 | D:5      | Found a snail-covered altar of Cheibriados.
  5230 | D:5      | Found Imutim's Magic Scroll Shop.
  5251 | D:5      | Found a broken altar of Ashenzari.
  5273 | D:5      | Became a worshipper of Ashenzari the Shackled
  5318 | D:5      | Reached XP level 7. HP: 23/32 MP: 3/12
  5513 | D:5      | Found a burning altar of Makhleb.
  5631 | D:5      | You fall into a shaft and drop 2 floors!
  5699 | D:7      | Reached skill level 6 in Fire Magic
  6115 | D:7      | Found Pedamen's Armour Boutique.
  6203 | D:7      | Reached XP level 8. HP: 35/36 MP: 0/13
  6558 | D:7      | Found Alliprox's General Store.
  6613 | D:7      | Found a shimmering altar of Xom.
  6928 | D:7      | Reached skill level 5 in Conjurations
  6928 | D:7      | Reached skill level 7 in Fire Magic
  7051 | D:7      | Found Luhet's Antique Armour Boutique.
  7051 | D:7      | Found Soim Edd's Distillery.
  7061 | D:7      | Bought a potion of resistance for 110 gold pieces
  7061 | D:7      | Bought a potion of curing for 33 gold pieces
  7061 | D:7      | Bought a potion of curing for 33 gold pieces
  7391 | D:6      | Found a glowing silver altar of Zin.
  7461 | D:6      | Reached skill level 1 in Fighting
  7468 | D:6      | Slain by a killer bee

Illustrated notes

Levels and vault maps discovered:
D:1:      minmay_arrival_hallway, layout_basic, corexii_item_surrounded_by_moat,
          minmay_split_cup_small
D:2:      layout_rooms, uniq_robin, uniq_jessica
D:3:      layout_basic, nicolae_gozag_cash_rules_everything_around_me,
          shapermc_ecumenical_altar_mp_highgroup, hangedman_decor_points
D:4:      layout_basic, serial_shops, nicolae_shop_tiny_waterfront, uniq_edmund
D:5:      layout_loops_corners, kiku_gazebo_pond_becter,
          mainiacjoe_overflow_boulevard, mainiacjoe_overflow_chevrons,
          old_standard_altar, minmay_temple_entry_arrows, serial_shops, shop,
          kennysheep_generic_room_12
D:6:      layout_basic, mainiacjoe_overflow_paths
D:7:      layout_basic, lemuel_coloured_pillars_altar, serial_shops, shop, shop,
          shop, shop

Skill      XL: |  1  2  3  4  5  6  7  8 |
---------------+-------------------------+-----
Fire Magic     | 3 4 5 6 7 |  7.3
Conjurations   | 1 2 3 4 5 |  5.1
Dodging        | 3 |  3.5
Spellcasting   | 3 |  3.4
Fighting       | 1 |  1.1
Stealth        | |  3.0

Action                     |  1- 3 |  4- 6 |  7- 9 || total
---------------------------+-------+-------+-------++-------
  Melee: Unarmed           |     1 |       |       ||     1
         Short sword       |    11 |     4 |     4 ||    19
   Cast: Foxfire           |    81 |    48 |       ||   129
         Scorch            |    13 |    54 |    69 ||   136
  Evoke: Wand              |       |       |     7 ||     7
    Use: Scroll            |     5 |     4 |     2 ||    11
         Potion            |       |     1 |     2 ||     3
   Stab: Sleeping          |     1 |       |     1 ||     2
 Armour: Robe              |     2 |     4 |     5 ||    11
  Dodge: Dodged            |    26 |    23 |    43 ||    92
